 Dungeon Crawl Stone Soup version 0.27.1-4-g1640c2035a (webtiles) character file.

Game seed: 4897811399716453973

541 zeram the Caller (level 7, -1/59 HPs)
             Began as a Troll Summoner on Nov 13, 2021.
             Was an Initiate of Gozag.
             Slain by Menkaure (12 damage)
             ... on level 5 of the Dungeon.
             The game lasted 00:09:17 (3346 turns).

zeram the Caller (Troll Summoner)                   Turns: 3346, Time: 00:09:18

Health: -1/59      AC:  5    Str: 17    XL:     7   Next: 5%
Magic:  7/7        EV: 10    Int: 13    God:    Gozag
Gold:   204        SH:  0    Dex: 10    Spells: 3/8 levels left

rFire    + . .     SeeInvis .   o - +0 giant club
rCold    + . .     Faith    .   (shield currently unavailable)
rNeg     . . .     Spirit   .   a - +1 robe
rPois    .         Reflect  .   (helmet restricted)
rElec    .         Harm     .   e - scarf {rC+ rF+}
rCorr    .         Rampage  .   (gloves unavailable)
Will     .....                  (boots unavailable)
Stlth    +.........             (no amulet)
HPRegen  1.19/turn              (no ring)
MPRegen  0.10/turn              (no ring)

@: no status effects
A: large, unfitting armour, claws 3, regeneration 1, shaggy fur 1, tough skin 1
a: Renounce Religion, Potion Petition, Call Merchant, Bribe Branch


You were on level 5 of the Dungeon.
You worshipped Gozag.
Gozag was aware of your devotion.
You visited 2 branches of the dungeon, and saw 6 of its levels.

You collected 253 gold pieces.
You paid 49 gold pieces to Gozag.

Inventory:

Hand Weapons
 i - a +0 mace of protection
 o - a +0 giant club (weapon)
Armour
 a - a +1 robe (worn)
 e - a scarf of resistance (worn)
Jewellery
 c - a ring of see invisible
 j - a +6 ring of strength
Wands
 l - a wand of iceblast (9)
Scrolls
 d - a scroll of teleportation
 p - a scroll of torment {unknown}
Potions
 b - a potion of mutation {unknown}
 f - a potion of resistance
 g - a potion of haste
 h - a potion of degeneration
 k - 2 potions of heal wounds {unknown}
 m - a potion of ambrosia {unknown}
 n - a potion of cancellation {unknown}


   Skills:
 + Level 3.1 Maces & Flails
 + Level 4.0 Dodging
 - Level 1.0 Stealth
 - Level 1.2 Spellcasting
 + Level 4.6 Summonings


You had 3 spell levels left.
You knew the following spells:

 Your Spells              Type           Power      Damage    Failure   Level
b - Call Imp              Summ           12%        N/A       6%          2
c - Vampiric Draining     Necr           0%         2d6       63%         3

Your spell library contained the following spells:

 Spells                   Type           Power      Damage    Failure   Level
 Summon Small Mammal      Summ           48%        N/A       4%          1
 Call Canine Familiar     Summ           12%        N/A       12%         3
 Magic Dart               Conj           0%         1d3       28%         1
 Pain                     Necr           0%         1d4       28%         1
 Summon Guardian Golem    Hex/Summ       6%         N/A       32%         3
 Slow                     Hex            0%         N/A       38%         2
 Confusing Touch          Hex            0%         N/A       63%         3
 Conjure Flame            Conj/Fire      0%         6-21      63%         3
 Ignite Poison            Fire/Tmut/Pois 0%         N/A       63%         3
 Mephitic Cloud           Conj/Pois/Air  0%         N/A       63%         3
 Summon Lightning Spire   Summ/Air       6%         N/A       71%         4
 Sticky Flame             Conj/Fire      0%         2d3       95%         4
 Agony                    Necr           0%         N/A       100%        5
 Excruciating Wounds      Necr           0%         N/A       100%        5


Dungeon Overview and Level Annotations

Branches:
Dungeon (5/15)             Temple (1/1) D:4

Altars:
Ashenzari
Cheibriados
Dithmenos
Elyvilon
Fedhas
Gozag
Hepliaklqana
Kikubaaqudgha
Nemelex Xobeh
Okawaru
Qazlal
Ru
Sif Muna
Trog
Uskayaw
Vehumet
Wu Jian
Xom
Yredelemnul
Zin
The Shining One

Shops:
D:1 :

Annotations:
D:5 Menkaure


Innate Abilities, Weirdness & Mutations

You are too large for most types of armour.
You have claws for hands.
Your natural rate of healing is unusually fast.
You are covered in fur. (AC +1)
You have tough skin. (AC +1)


Message History

You climb downwards.
Found a scroll labelled MINKUU SALIU.
There is a stone staircase leading up here.
p - a scroll labelled MINKUU SALIU
Found a stone staircase leading up.
Menkaure, Prince of Dust comes into view.
Menkaure is nearby!
Menkaure is nearby!
Menkaure is nearby!
Menkaure shouts!
Menkaure misses you.
You barely miss Menkaure. Menkaure hits you!
You sock Menkaure!
Menkaure is severely damaged.
Menkaure hits you!
You barely miss Menkaure.
Menkaure is severely damaged.
Menkaure hits you!!
You are too injured to fight recklessly!
You are too injured to fight recklessly!
You are too injured to fight recklessly!
You are too injured to fight recklessly!
You barely miss Menkaure.
Menkaure is heavily damaged.
Menkaure points at you and mumbles some strange words.
Pain shoots through your body! Menkaure barely misses you.
You hit Menkaure.
Menkaure is severely damaged.
Menkaure gestures wildly while chanting.
Menkaure seems to speed up.
You hit Menkaure.
Menkaure is almost destroyed.
Menkaure casts a spell at you. Pain shoots through your body!
* * * LOW HITPOINT WARNING * * *
You barely miss Menkaure.
Menkaure is almost destroyed.
Menkaure barely misses you. Menkaure hits you!
You die...
Your body crumbles into a pile of gold.

###########
#.........#
#.######.##
#.# #.# #.#
#.# #.#
###.##.##
######.#
#.@<....#
#......#
#M..#...#
#####.######
#####.#.#
#.....# # #
#.#####
#.######
#.....<#
########


You could see Menkaure (fast).

Vanquished Creatures
  An ogre (D:4)
  A scorpion (D:4)
  A water moccasin skeleton (D:2)
  An orc priest (D:3)
  A hound (D:4)
  Ijyb (D:4)
  A centaur skeleton (D:4)
  2 orc wizards (D:4)
  4 gnolls
  5 adders
  An ufetubus (D:4)
  An adder skeleton (D:4)
  A worm (D:3)
  4 dart slugs
  9 orcs
  2 ball pythons
  8 endoplasms
  4 giant cockroaches
  4 goblins
  7 hobgoblins
  10 kobolds
  4 quokkas
  8 bats
  3 frilled lizards
  5 rats
89 creatures vanquished.

Notes
Turn   | Place    | Note
-------+----------+-------------------------------------------
     0 | D:1      | zeram the Troll Summoner began the quest for the Orb.
     0 | D:1      | Reached XP level 1. HP: 16/16 MP: 1/1
    99 | D:1      | Reached XP level 2. HP: 21/24 MP: 2/2
   222 | D:1      | Found Roeni's Book Boutique.
   271 | D:1      | Learned a level 2 spell: Call Imp
   572 | D:1      | Reached XP level 3. HP: 31/31 MP: 3/3
   878 | D:2      | Reached XP level 4. HP: 25/39 MP: 4/4
  1214 | D:2      | Found a faded altar of an unknown god.
  1620 | D:3      | Reached XP level 5. HP: 45/45 MP: 5/5
  2424 | D:3      | Learned a level 3 spell: Vampiric Draining
  2705 | D:4      | Reached skill level 1 in Maces & Flails
  2715 | D:4      | Reached XP level 6. HP: 51/53 MP: 6/6
  2737 | D:4      | Found a staircase to the Ecumenical Temple.
  2750 | Temple   | Entered the Ecumenical Temple
  2762 | Temple   | Became a worshipper of Gozag Ym Sagoz the Greedy
  3247 | D:4      | Noticed Ijyb
  3253 | D:4      | Killed Ijyb
  3254 | D:4      | Reached XP level 7. HP: 59/59 MP: 7/7
  3301 | D:5      | Entered Level 5 of the Dungeon
  3337 | D:5      | Noticed Menkaure
  3346 | D:5      | Slain by Menkaure

Illustrated notes

Levels and vault maps discovered:
D:1:      lemuel_arrival_muddy, layout_basic, serial_shops, shop,
          chequers_serial_rivers_room_b, minmay_crystal_water,
          chequers_serial_rivers_small_a
D:2:      layout_loops_ring, shapermc_ecumenical_altar_petra, moated_statue
D:3:      layout_basic, mrwooster_statue_mirror
D:4:      layout_rooms, minmay_temple_entry_arrows, lemuel_old_faithful,
          uniq_ijyb
D:5:      layout_basic, chequers_serial_rivers_large_a,
          nicolae_underground_beach, uniq_edmund, uniq_duvessa, uniq_menkaure
Temple:   compressed_dpeg_triangle_lava_temple

Skill      XL: |  1  2  3  4  5  6 |
---------------+-------------------+-----
Summonings     | 3 4 |  4.6
Dodging        | 2 3 4 |  4.0
Maces & Flails | 1 3 |  3.1
Stealth        | |  1.0
Spellcasting   | |  1.2

Action                   |  1- 3 |  4- 6 |  7- 9 || total
-------------------------+-------+-------+-------++-------
Melee: Unarmed           |   105 |   123 |       ||   228
       Mace              |       |   176 |       ||   176
       Giant club        |       |     7 |    10 ||    17
 Cast: Call Imp          |     1 |       |       ||     1
  Use: Scroll            |       |     9 |     1 ||    10
       Potion            |       |     2 |       ||     2
 Stab: Sleeping          |     3 |     1 |       ||     4
Armor: Robe              |    35 |   111 |     1 ||   147
Dodge: Dodged            |    35 |   185 |     4 ||   224
